 Dungeon Crawl Stone Soup version 0.31-a0-981-geadf994542 (console) character file.

Game seed: 4085576352802086489

1701193 Flugkiller the Skinwalker (level 26, 230/254 HPs)
             Began as an Octopode Shapeshifter on Nov 1, 2023.
             Was an Initiate of Gozag.
             Escaped with the Orb
             ... and 3 runes on Nov 2, 2023!
             The game lasted 02:41:56 (64103 turns).

Flugkiller the Skinwalker (Octopode Shapeshifter)  Turns: 64103, Time: 02:41:57

Health: 230/254    AC: 36    Str: 28    XL:     26   Next: 73%
Magic:  27/27      EV: 50    Int: 24    God:    Gozag
Gold:   3222       SH: 26    Dex: 49    Spells: 23/31 levels left

rFire   + +          +
                       - Unarmed
rCold   + + .        W - +5 kite shield {rC+}
rNeg    + . .        E - +0 mask of the Dragon {Will+ Slay+3 SInv}
rPois   ∞            G - amulet of regeneration
rElec   +            s - ring of Xom's Best Wishes {Will++ Str+2 Int+6}
rCorr   .            f - +6 ring of dexterity
SInv    +            I - +6 ring of strength
Will    ++++.        Q - +6 ring of dexterity
Stlth   ++           r - ring "Nayceh" {rC+ Int+3 Dex+6}
HPRegen 1.42/turn    i - ring of Oddy {+Blink Int+2 Dex+6 SInv}
MPRegen 0.20/turn    j - ring of Fanaticism {rElec rPois rF+++ Str-3 Dex+6}
                     J - +6 ring of strength

%: no passive effects
@: statue-form, very slow
A: slow and powerful, torment resistance 1, boosted hp, almost no armour,
amphibious, 8 rings, camouflage 1, (gelatinous body 1), (nimble swimmer 1),
tentacles
0: Orb of Zot
}: 3/15 runes: serpentine, barnacled, silver
a: Begin Untransformation, Renounce Religion, Evoke Blink, Potion Petition, Call
Merchant, Bribe Branch


You escaped.
You worshipped Gozag.
Gozag was most pleased with you.
You were a living statue of rough stone.
You visited 9 branches of the dungeon, and saw 47 of its levels.
You also visited: Bailey, Ice Cave and Desolation.

You collected 26697 gold pieces.
You spent 6659 gold pieces at shops.
You paid 16816 gold pieces to Gozag.

Inventory:

Missiles
 y - 6 throwing nets
 B - 7 curare-tipped darts
Armour
 E - the +0 mask of the Dragon (worn) {Will+ Slay+3 SInv}
   (You found it on level 3 of the Elven Halls)

   Slay+3:    It affects your accuracy & damage with ranged weapons and melee
   (+3).
   Will+:     It increases your willpower.
   SInv:      It lets you see invisible.
 W - a +5 kite shield of cold resistance (worn)
   (You took it off a tengu warrior on level 14 of the Dungeon)
Jewellery
 f - a +6 ring of dexterity (right tentacle)
   (You found it on level 1 of the Vaults)
 i - the ring of Oddy (on tentacle) {+Blink Int+2 Dex+6 SInv}
   (You found it in the Desolation of Salt)

   [ring of dexterity]

   Int+2:     It affects your intelligence (+2).
   Dex+6:     It affects your dexterity (+6).
   SInv:      It lets you see invisible.
   +Blink:    It lets you blink.
 j - the ring of Fanaticism (on tentacle) {rElec rPois rF+++ Str-3 Dex+6}
   (You bought it in a shop on level 4 of the Snake Pit)

   [ring of dexterity]

   Str-3:     It affects your strength (-3).
   Dex+6:     It affects your dexterity (+6).
   rF+++:     It renders you almost immune to fire.
   rElec:     It insulates you from electricity.
   rPois:     It protects you from poison
 m - a ring of willpower
   (You found it on level 3 of the Depths)
 r - the ring "Nayceh" (on tentacle) {rC+ Int+3 Dex+6}
   (You took it off an imperial myrmidon in the Desolation of Salt)

   [ring of dexterity]

   Int+3:     It affects your intelligence (+3).
   Dex+6:     It affects your dexterity (+6).
   rC+:       It protects you from cold.
 s - the ring of Xom's Best Wishes (left tentacle) {Will++ Str+2 Int+6}
   (You took it off an orc on level 5 of the Dungeon)

   [ring of intelligence]

   Str+2:     It affects your strength (+2).
   Int+6:     It affects your intelligence (+6).
   Will++:    It greatly increases your willpower.
 v - the ring of the Cricket {Fly Will+ Dex-2 Slay+3}
   (You found it in the Desolation of Salt)

   [ring of flight]

   Dex-2:     It affects your dexterity (-2).
   Slay+3:    It affects your accuracy & damage with ranged weapons and melee
   (+3).
   Will+:     It increases your willpower.
   Fly:       It grants you flight.
 G - an amulet of regeneration (around mantle)
   (You bought it in a shop on level 2 of the Orcish Mines)
 I - a +6 ring of strength (on tentacle)
   (You bought it in a shop on level 4 of the Snake Pit)
 J - a +6 ring of strength (on tentacle)
   (You bought it in a shop on level 4 of the Snake Pit)
 Q - a +6 ring of dexterity (on tentacle)
   (You took it off a deep elf elementalist on level 3 of the Elven Halls)
Talismans
 Y - a dragon-blood talisman
   (You found it on level 1 of the Orcish Mines)
 Z - a granite talisman (active)
   (You bought it in a shop on level 2 of the Orcish Mines)
Wands
 b - a wand of roots (48)
   (You found it on level 1 of the Snake Pit)
 x - a wand of mindburst (31)
   (You found it on level 7 of the Dungeon)
 P - a wand of digging (9)
   (You bought it in a shop on level 8 of the Dungeon)
 V - a wand of quicksilver (25)
   (You found it on level 13 of the Dungeon)
 X - a wand of paralysis (64)
   (You took it off Lodul on level 14 of the Dungeon)
Scrolls
 a - 5 scrolls of silence
 e - a scroll of revelation
 l - 13 scrolls of fog
 o - 6 scrolls of torment
 t - 5 scrolls of teleportation
 z - 4 scrolls of blinking
 F - 8 scrolls of vulnerability
 K - 8 scrolls of poison
 N - 6 scrolls of fear
 R - 4 scrolls of immolation
 U - a scroll of butterflies
Potions
 c - 5 potions of invisibility
 d - 8 potions of might
 g - 5 potions of magic
 h - 18 potions of haste
 k - 11 potions of enlightenment
 n - 11 potions of resistance
 q - 25 potions of curing
 u - 6 potions of berserk rage
 w - 15 potions of heal wounds
 O - 12 potions of mutation
 S - 6 potions of cancellation
 T - 3 potions of ambrosia
Miscellaneous
 A - a box of beasts
   (You found it on level 4 of the Shoals)
 D - a lightning rod (4/4)
   (You found it on level 5 of the Vaults)
 H - a phantom mirror
   (You found it on level 5 of the Lair of Beasts)
 L - a condenser vane
   (You found it in the Desolation of Salt)
 M - a phial of floods
   (You found it on level 4 of the Shoals)


   Skills:
 - Level 20.0 Fighting
 - Level 20.0 Dodging
 - Level 2.0 Stealth
 - Level 15.0 Shields
 - Level 20.0 Unarmed Combat
 - Level 3.0 Spellcasting
 - Level 5.0 Summonings
 - Level 2.0 Transmutations
 - Level 8.0 Ice Magic
 - Level 17.0 Evocations
 + Level 23.7 Shapeshifting


You had 23 spell levels left.
You knew the following spells:

 Your Spells              Type           Power      Damage    Failure   Level
a - Wereblood             Tmut           13%        N/A       10%         2
b - Call Canine Familiar  Summ           27%        N/A       6%          3
c - Ozocubu's Armour      Ice            42%        N/A       1%          3

Your spell library contained the following spells:

 Spells                   Type           Power      Damage    Failure   Level
 Freeze                   Ice            100%       1d10      1%          1
 Summon Small Mammal      Summ           100%       N/A       1%          1
 Frozen Ramparts          Ice            84%        1d13      1%          3
 Ensorcelled Hibernation  Hex/Ice        44%        N/A       4%          2
 Hailstorm                Conj/Ice       22%        3d7       9%          3
 Summon Ice Beast         Ice/Summ       34%        N/A       11%         4
 Kiss of Death            Conj/Necr      12%        2d6       16%         1
 Necrotise                Necr           12%        1d4       16%         1
 Slow                     Hex            12%        N/A       16%         1
 Passwall                 Tmut/Erth      6%         N/A       16%         2
 Summon Guardian Golem    Hex/Summ       15%        N/A       16%         3
 Cigotuvi's Dreadful Rot  Necr/Pois/Air  6%         N/A       22%         2
 Lesser Beckoning         Tloc           6%         N/A       22%         2
 Poisonous Vapours        Pois/Air       6%         N/A       22%         2
 Scorch                   Fire           6%         2d5       22%         2
 Static Discharge         Conj/Air       6%         3-4/arc   22%         2
 Ignite Poison            Fire/Tmut/Pois 6%         N/A       34%         3
 Confusing Touch          Hex            3%         N/A       41%         3
 Dazzling Flash           Conj/Hex       6%         N/A       41%         3
 Gell's Gravitas          Tloc           3%         N/A       41%         3
 Inner Flame              Hex/Fire       3%         N/A       41%         3
 Mephitic Cloud           Conj/Pois/Air  3%         N/A       41%         3
 Sigil of Binding         Hex            3%         N/A       41%         3
 Stone Arrow              Conj/Erth      6%         3d7       41%         3
 Swiftness                Air            3%         N/A       41%         3
 Teleport Other           Tloc           3%         N/A       41%         3
 Vampiric Draining        Necr           3%         2d6       41%         3
 Volatile Blastmotes      Fire/Tloc      6%         2d10      41%         3
 Summon Lightning Spire   Summ/Air       15%        N/A       47%         4
 Metabolic Englaciation   Hex/Ice        11%        N/A       63%         5
 Petrify                  Tmut/Erth      8%         N/A       69%         4
 Freezing Cloud           Conj/Ice/Air   8%         6-21      82%         5
 Airstrike                Air            1%         2d(1-17)  83%         4
 Dispel Undead            Necr           3%         3d7       83%         4
 Flame Wave               Conj/Fire      3%         2d5       83%         4
 Fulminant Prism          Conj/Hex       1%         3d5       83%         4
 Iskenderun's Mystic Bla  Conj/Tloc      3%         2d3       83%         4
 Leda's Liquefaction      Hex/Erth       1%         N/A       83%         4
 Manifold Assault         Tloc           3%         N/A       83%         4
 Sticky Flame             Conj/Fire      3%         2d3       83%         4
 Vhi's Electric Charge    Tloc/Air       6%         N/A       83%         4
 Summon Mana Viper        Hex/Summ       15%        N/A       83%         5
 Irradiate                Conj/Tmut      4%         3d13      95%         5
 Yara's Violent Unravell  Hex/Tmut       4%         3d4       95%         5
 Agony                    Necr           3%         N/A       99%         5
 Arcjolt                  Conj/Air       1%         1d11      99%         5
 Borgnjor's Vile Clutch   Necr/Erth      1%         N/A       99%         5
 Fireball                 Conj/Fire      1%         3d3       99%         5
 Iskenderun's Battlesphe  Conj           3%         2d6       99%         5
 Lee's Rapid Deconstruct  Erth           1%         3d4*      99%         5
 Silence                  Hex/Air        1%         N/A       99%         5
 Ozocubu's Refrigeration  Ice            21%        4d12      99%         7
 Bombard                  Conj/Erth      1%         9d1       100%        6
 Conjure Ball Lightning   Conj/Air       1%         3x3d6     100%        6
 Death Channel            Necr           1%         N/A       100%        6
 Dispersal                Tloc           1%         N/A       100%        6
 Plasma Beam              Fire/Air       1%         2x1d11    100%        6
 Starburst                Conj/Fire      1%         6d3       100%        6
 Enfeeble                 Hex            1%         N/A       100%        7
 Haunt                    Necr/Summ      7%         N/A       100%        7
 Monstrous Menagerie      Summ           13%        N/A       100%        7
 Orb of Destruction       Conj           1%         9d5       100%        7
 Spellforged Servitor     Conj/Summ      7%         N/A       100%        7
 Borgnjor's Revivificati  Necr           1%         N/A       100%        8
 Disjunction              Tloc           1%         N/A       100%        8
 Lehudib's Crystal Spear  Conj/Erth      1%         10d2      100%        8
 Maxwell's Capacitive Co  Air            1%         ∞         100%        8
 Death's Door             Necr           1%         N/A       100%        9
 Dragon's Call            Summ           13%        N/A       100%        9
 Sublimation of Blood     Necr           Unusable   N/A       N/A         2
 Animate Armour           Summ/Erth      Unusable   N/A       N/A         4
 Animate Dead             Necr           Unusable   N/A       N/A         4
 Simulacrum               Ice/Necr       Unusable   N/A       N/A         6

Dungeon Overview and Level Annotations

Branches:
Dungeon (15/15)            Temple (0/1) D:5            Lair (5/5) D:10
 Shoals (4/4) Lair:3        Snake (4/4) Lair:2        Slime (0/5) Lair:5
    Orc (2/2) D:9             Elf (3/3) Orc:2        Vaults (5/5) D:14
  Crypt (0/3) Vaults:3     Depths (4/4) D:15            Zot (5/5) Depths:4
 Bailey (visited)           IceCv (visited)         Desolation (visited)

Altars:
Dithmenos
Elyvilon
Fedhas
Gozag
Hepliaklqana
Kikubaaqudgha
Makhleb
Ru
Trog
Yredelemnul
Zin
Jiyva
Lugonu

Shops:
D:2 [   D:6 (:(*   D:8 *   D:14 *   D:15 (   Orc:2 [[==   Elf:1 =   Elf:2 :(
Shoals:1 [   Shoals:2 [   Snake:3 *   Snake:4 =!=*?!   Depths:2 :   Depths:3 *
Depths:4 =!

Portals:
Hell: Depths:1 Depths:2 Depths:3 Depths:4
Abyss: Depths:3 Depths:4
Pandemonium: Depths:1 Depths:2
Ziggurat: Depths:4

Annotations:
D:5 1 runed translucent door
Lair:1 3 runed translucent doors, exclusion: catoblepas, zurenarrh's ghost, journeyman GnCA
Elf:2 3 runed translucent doors


Innate Abilities, Weirdness & Mutations

You are a living statue of rough stone.
Your actions are slow, but your melee attacks are powerful.
You are resistant to unholy torment.
Your maximum health is greatly increased.
You cannot wear most types of armour.
You are amphibious.
You can wear up to eight rings at the same time.
You are immune to poison.
Your skin changes colour to match your surroundings (Stealth+).
((Your rubbery body absorbs attacks. (AC +1, EV +1)))
((You are camouflaged when in or above water. (Stealth+)))
You have tentacles for arms and can constrict up to eight enemies at once.


Message History

There is a stone staircase leading down, spattered with blood here.
(D) Dungeon (T) Temple (L) Lair (A) Shoals (P) Snake Pit (M) Slime Pits (O) Orcish Mines (E) Elven Halls (V) Vaults (C) Crypt (U) Depths (H) Hell (Z) Zot
Where to? (Tab/Enter - D:1 @ (x,y), ? - help)
What level of the Dungeon? (default 1, ? - help)
There is a stone staircase leading up here.
You climb upwards.
There is a stone staircase leading down here.
There is an open door here.
Things that are here:
a +0 robe; a +0 dagger
There is a stone staircase leading up here.
You climb upwards.
There is a stone staircase leading down here.
An Orb Guardian comes into view.
There is a stone staircase leading up here.
Unknown command.
You block the Orb Guardian's attack. x2
You batter the Orb Guardian!! You squeeze the Orb Guardian!
The Orb Guardian is heavily wounded.
You block the Orb Guardian's attack.
You bludgeon the Orb Guardian!
The Orb Guardian is severely wounded.
The Orb Guardian completely misses you.
The Orb Guardian hits you but does no damage.
You thrash the Orb Guardian!!!
You kill the Orb Guardian!
You now have 3215 gold pieces (gained 15).
There is a stone staircase leading up here.
You climb upwards.
There is a stone staircase leading down here.
(D) Dungeon (T) Temple (L) Lair (A) Shoals (P) Snake Pit (M) Slime Pits (O) Orcish Mines (E) Elven Halls (V) Vaults (C) Crypt (U) Depths (H) Hell (Z) Zot
Where to? (Tab/Enter - D:1 @ (x,y), ? - help)
There is an entrance to Naud's Book Boutique here.
There is a stone staircase leading up here.
You climb upwards.
Level annotation: 1 runed translucent door
There is a stone staircase leading down here.
An orange demon comes into view.
Unknown command.
A cherub comes into view.
It is wielding a +2 falchion of flaming.
The cherub's eagle head screeches!
The cherub unwields a +2 falchion of flaming.
It stops flaming.
The cherub wields a +0 longbow.
The cherub shoots an arrow.
You block the arrow.
The cherub shoots an arrow.
You block the arrow.
The cherub shoots an arrow.
The arrow closely misses you. You block the orange demon's attack.
Unknown command.
The cherub shoots an arrow.
You block the arrow. You block the orange demon's attack.
The cherub shoots an arrow.
You block the arrow.
Unknown command.
The cherub shoots an arrow.
The arrow completely misses you.
The cherub shoots an arrow.
You block the arrow.
The cherub shoots an arrow.
You block the arrow.
The cherub shoots an arrow.
You block the arrow.
There is a stone staircase leading up here.
The cherub shoots an arrow.
You block the arrow.
The cherub shoots an arrow.
You block the arrow.
You climb upwards.
There is a stone staircase leading down here.
(D) Dungeon (T) Temple (L) Lair (A) Shoals (P) Snake Pit (M) Slime Pits (O) Orcish Mines (E) Elven Halls (V) Vaults (C) Crypt (U) Depths (H) Hell (Z) Zot
Where to? (Tab/Enter - D:1 @ (x,y), ? - help)
What level of the Dungeon? (default 1, ? - help)
There is a stone staircase leading down here.
There is a stone staircase leading up here.
You climb upwards.
There is a stone staircase leading down here.
There is a stone staircase leading up here.
You climb upwards.
There is a stone staircase leading down here.
There is a stone staircase leading up here.
You climb upwards.
There is a stone staircase leading down here.
A hellion comes into view.
Unknown command.
The hellion gestures at you.
The sphere of damnation explodes!
The damnation engulfs you! The hellion gestures at you.
The sphere of damnation explodes!
The damnation engulfs you!! The hellion gestures at you.
The sphere of damnation explodes!
The damnation engulfs you!!
You bludgeon the hellion! You grab the hellion.
The hellion is moderately wounded.
You constrict the hellion. The hellion gestures at you.
The sphere of damnation explodes!
The damnation engulfs you!
The damnation engulfs the hellion.
The hellion completely resists.
You thrash the hellion!!!
You kill the hellion!
No target in view!
You now have 3222 gold pieces (gained 7).
(D) Dungeon (T) Temple (L) Lair (A) Shoals (P) Snake Pit (M) Slime Pits (O) Orcish Mines (E) Elven Halls (V) Vaults (C) Crypt (U) Depths (H) Hell (Z) Zot
Where to? (Tab/Enter - D:1 @ (x,y), ? - help)
There is an open door here.
There is a staircase leading out of the dungeon here.
Unknown command.
Enter note: gg You have escaped!

###########
#######.........#
#.............#.#
#.#####+#####.#.#
#.#PPP#.#PPP#.#.#
#.#P⌠P#.#P⌠P#.#.#
#.#PPP#.#PPP#.#.###
##.#####.#####.....#
#..'|...8....'..##.# #
#..#####.#####...#.### #
#..#PPP#.#PPP#.#.#...####
#..#P⌠P#.#P⌠P#.#..##.....
#..#PPP#.#PPP#.##.######.
#..#####+#####.##..####..
#..............###..##..#
#.###.........#####..#.##
#........................
#####....)...#...........
#........##..........


There were no monsters in sight!

Vanquished Creatures
  2 ancient liches
  2 dread liches
  2 juggernauts (Depths:4)
  4 caustic shrikes (Depths:4)
  Saint Roka (Vaults:1)
  A curse toe (Zot:2)
  9 golden dragons
  Nikola (Shoals:3)
  the Enchantress (Depths:2)
  2 pandemonium lords
  The ghost of Qijusi the Peltast, an adept HuFi of Cheibriados (Vaults:3)
  4 electric golems
  3 doom hounds (Zot:1)
  Jorgrun (Elf:2)
  2 walking crystal tomes (Depths:3)
  Grunn (Zot:1)
  10 tentacled monstrosities
  8 Orb Guardians
  2 liches (Depths:3)
  A walking frostbound tome (Depths:3)
  6 quicksilver dragons
  A walking earthen tome (Depths:3)
  2 deep elf master archers (Elf:3)
  2 deep elf blademasters (Elf:3)
  6 titans
  A walking divine tome (Depths:3)
  An Executioner (D:15)
  9 sphinxes
  A kraken (Shoals:1)
  6 death cobs
  Frances (D:12)
  4 storm dragons
  Donald (Elf:2)
  5 tengu reavers
  3 nagarajas (Snake:4)
  5 draconian monks
  10 fire giants
  A revenant (Vaults:3)
  7 shadow dragons
  Aizul (Shoals:2)
  3 imperial myrmidons (Desolation)
  2 iron dragons
  3 draconian knights
  13 vault wardens
  5 deep elf sorcerers
  10 frost giants
  A draconian scorcher (Zot:5)
  4 ghost moths
  6 deep elf elementalists
  6 draconian shifters
  4 draconian stormcallers
  3 draconian annihilators
  A cacodemon (D:12)
  3 spriggan defenders (Depths:2)
  14 stone giants
  A war gargoyle (Vaults:2)
  2 vampire knights
  24 ironbound preservers
  5 formless jellyfish
  21 very ugly things
  The ghost of Ivarchef the Warrior, a journeyman GrEE of Makhleb (Elf:1)
  8 green draconians
  10 black draconians
  8 ironbound thunderhulks
  8 deep elf demonologists
  A lorocyproca (Depths:1)
  5 red draconians
  2 halazid warlocks (Desolation)
  12 yellow draconians
  9 white draconians
  3 dire elephants (Vaults:2)
  9 purple draconians
  11 deep elf annihilators
  A green death (Depths:3)
  2 eidola (Vaults:3)
  An ettin (shapeshifter) (Depths:3)
  7 deep elf death magi
  Josephine (D:12)
  4 merfolk impalers
  8 ragged hierophants (Desolation)
  A blizzard demon (Depths:2)
  An entropy weaver (Vaults:2)
  10 ettins
  5 merfolk javelineers
  2 crystal guardians
  7 fire dragons
  14 yaktaur captains
  6 servants of whispers (Desolation)
  4 great orbs of eyes
  3 deep elf high priests
  3 rakshasas
  An ice dragon (D:15)
  11 hydras
  A salamander tyrant (Snake:4)
  A sphinx zombie (D:15)
  2 spriggan air magi
  8 peacekeepers
  4 alligator snapping turtles
  A merfolk avatar (Shoals:4)
  12 ironbound frosthearts
  4 boulder beetles
  34 vault guards
  20 anacondas
  4 merfolk aquamancers (Shoals:4)
  A satyr (Shoals:4)
  An ogre mage (Vaults:2)
  24 centaur warriors
  9 two-headed ogres
  14 dancing weapons
  9 deep troll earth magi
  8 tengu warriors
  8 death yaks
  13 naga warriors
  9 deep troll shamans
  3 vampire magi
  10 shock serpents
  4 naga sharpshooters
  5 orc high priests (Orc:2)
  5 occultists
  9 hell knights
  7 sun demons
  5 spriggan berserkers
  6 skysharks
  A storm dragon zombie (D:15)
  11 deep elf knights
  A sixfirhy (D:12)
  9 salamander mystics
  A death drake (Zot:3)
  2 sun moths (Shoals:4)
  6 iron trolls
  Lodul (D:14)
  A goliath frog (Lair:5)
  15 sea snakes
  A storm dragon skeleton (D:15)
  2 skeletal warriors (D:15)
  A glowing orange brain (shapeshifter) (Zot:1)
  14 deep elf archers
  49 deep trolls
  9 arcanists
  3 glowing orange brains
  9 orc knights
  13 mana vipers
  A steelbarb worm (shapeshifter) (D:15)
  11 lindwurms
  17 harpies
  27 ironbound convokers
  5 phantasmal warriors (Vaults:5)
  5 naga ritualists
  The ghost of Pim the Grasshopper, a novice GnWr of Gozag (D:5)
  An oklob plant (Orc:2)
  6 necromancers
  9 cyclopes
  Pikel (D:5)
  25 deep elf zephyrmancers
  An orc sorcerer (Orc:1)
  57 ugly things
  10 fauns
  A frost giant zombie (Depths:1)
  10 manticores
  27 deep elf pyromancers
  20 salamanders
  14 moths of wrath
  5 merfolk sirens
  16 guardian serpents
  31 slime creatures
  21 naga magi
  Joseph (D:7)
  37 black mambas
  8 water nymphs
  An eye of devastation (Lair:5)
  17 vault sentinels
  A molten gargoyle (Desolation)
  2 gargoyles
  An orange demon (D:12)
  24 cane toads
  A hellion (D:1)
  An unseen horror (D:12)
  2 rime drakes (Lair:5)
  A tengu conjurer (Depths:2)
  2 spriggan zombies (Depths:1)
  A komodo dragon (shapeshifter) (D:14)
  2 freezing wraiths (Vaults:3)
  15 yaktaurs
  12 komodo dragons
  An ice devil (Depths:3)
  24 merfolk
  4 trolls
  A troll (shapeshifter) (Depths:3)
  11 wind drakes
  7 hornets
  2 tyrant leeches (Lair:5)
  A tarantella (shapeshifter) (Vaults:5)
  A polar bear (shapeshifter) (Vaults:5)
  62 saltlings (Desolation)
  Prince Ribbit (D:5)
  24 blink frogs
  2 glass eyes
  A snapping turtle (shapeshifter) (Depths:3)
  A dream sheep (shapeshifter) (Vaults:5)
  A raiju (shapeshifter) (D:13)
  11 dream sheep
  5 snapping turtles
  A shadow (D:12)
  2 vampires
  8 spriggans
  18 water elementals
  4 air elementals
  7 wraiths
  2 fire elementals
  36 yaks
  4 wyverns
  An ettin skeleton (Depths:1)
  A basilisk (Lair:1)
  A hog (shapeshifter) (D:13)
  4 humans (D:8)
  4 steam dragons
  8 vampire mosquitoes
  A chaos spawn (Depths:4)
  6 wargs
  50 nagas
  3 hell hounds (D:14)
  8 water moccasins
  An acid dragon (D:14)
  38 orc warriors
  2 ice beasts
  A tengu (shapeshifter) (Zot:1)
  15 ogres
  5 boggarts
  19 centaurs
  3 lemures (D:5)
  4 wolves
  2 phantoms (D:4)
  4 kobold brigands
  24 bullfrogs
  3 earth elementals
  A two-headed ogre simulacrum (IceCv)
  4 scorpions
  A small abomination (D:10)
  9 wights
  16 killer bees
  4 howler monkeys
  3 electric eels
  3 jellies
  A lava snake (Lair:5)
  3 hounds (D:4)
  32 orc priests
  An iguana (D:6)
  20 orc wizards
  2 troll simulacra (IceCv)
  A lightning spire (Zot:1)
  5 hell rats (Lair:3)
  10 gnolls
  A naga simulacrum (IceCv)
  8 adders
  5 river rats (Lair:2)
  A shadow imp (D:7)
  2 white imps
  3 worms
  5 dart slugs
  103 orcs
  7 endoplasms
  4 giant cockroaches
  9 goblins
  7 hobgoblins
  3 jackals (D:3)
  2 quokkas
  11 ball pythons
  6 bats
  4 frilled lizards
  21 kobolds
  7 rats
  5 tentacles (Shoals:1)
2062 creatures vanquished.

Vanquished Creatures (collateral kills)
  2 Killer Klowns (Zot:5)
  An electric golem (Zot:5)
  7 Orb Guardians (Zot:5)
  An Executioner (Zot:5)
  A storm dragon (Zot:5)
  2 draconian monks (Zot:5)
  A merfolk impaler (Shoals:4)
  A hydra (Lair:2)
  A black mamba (Lair:4)
  An efreet (Zot:1)
  A blink frog (Lair:5)
  2 dream sheep (Lair:5)
  A basilisk (Lair:1)
  A water moccasin (Lair:1)
23 creatures vanquished.

Vanquished Creatures (others)
  2 dread liches (Zot:5)
  An orb of fire (Zot:5)
  An ancient lich (Zot:5)
  3 Killer Klowns (Zot:5)
  A curse toe (Zot:5)
  A golden dragon (Zot:5)
  2 tentacled monstrosities (Zot:5)
  10 Orb Guardians (Zot:5)
  A shadow dragon (Zot:5)
  A draconian scorcher (Zot:5)
  A draconian annihilator (Zot:5)
  A black draconian (Zot:5)
  A green draconian (Zot:5)
  2 yellow draconians (Zot:5)
  A red draconian (Zot:5)
  A white draconian (Zot:5)
  A purple draconian (Zot:5)
  An ogre mage (Vaults:5)
  A deep elf knight (Elf:1)
  A deep elf pyromancer (Elf:1)
  A moth of wrath (Zot:5)
  A red devil (Zot:5)
  An ogre (Vaults:5)
  7 tentacles (Shoals:1)
44 creatures vanquished.

Grand Total: 2129 creatures vanquished

Notes
Turn   | Place    | Note
-------+----------+-------------------------------------------
     0 | D:1      | Flugkiller the Octopode Shapeshifter began the quest for
                  | the Orb.
     0 | D:1      | Reached XP level 1. HP: 13/13 MP: 1/1
   113 | D:1      | Reached XP level 2. HP: 18/18 MP: 2/2
   282 | D:1      | Reached XP level 3. HP: 22/23 MP: 3/3
   431 | D:1      | Reached skill level 1 in Stealth
   748 | D:2      | Found Hetij's Antique Armour Shop.
   981 | D:2      | Reached XP level 4. HP: 27/29 MP: 4/4
  1179 | D:3      | Found an opulent altar of Gozag.
  1195 | D:3      | Became a worshipper of Gozag Ym Sagoz the Greedy
  1480 | D:3      | Noticed a scorpion
  1488 | D:3      | Killed a scorpion
  1489 | D:3      | Reached XP level 5. HP: 34/34 MP: 5/5
  1937 | D:3      | Found a basalt altar of Yredelemnul.
  2477 | D:3      | Reached XP level 6. HP: 27/39 MP: 6/6
  2495 | D:3      | Found a basalt altar of Yredelemnul.
  2640 | D:3      | Found an opulent altar of Gozag.
  3248 | D:4      | Found a blossoming altar of Fedhas.
  3476 | D:4      | Reached skill level 5 in Dodging
  3632 | D:4      | Found a shadowy altar of Dithmenos.
  3667 | D:4      | Reached XP level 7. HP: 37/45 MP: 7/7
  3721 | D:4      | Found a sacrificial altar of Ru.
  3870 | D:5      | Entered Level 5 of the Dungeon
  3912 | D:5      | Reached skill level 4 in Shapeshifting
  4005 | D:5      | Found a staircase to the Ecumenical Temple.
  4180 | D:5      | Found a runed translucent door.
  4180 | D:5      | Noticed Pim's ghost (novice GnWr)
  4340 | D:5      | Reached skill level 5 in Shapeshifting
  4349 | D:5      | Found an ancient bone altar of Kikubaaqudgha.
  4412 | D:5      | Identified the ring of Xom's Best Wishes {Will++ Str+2
                  | Int+6}
  4413 | D:5      | Reached XP level 8. HP: 15/54 MP: 8/8
  4882 | D:5      | Found a runed translucent door.
  4947 | D:5      | Noticed Prince Ribbit
  4990 | D:5      | Noticed Pikel
  5168 | D:6      | Found Xytoson's Weapon Emporium.
  5308 | D:6      | Found Naud's Book Boutique.
  5317 | D:6      | Reached skill level 5 in Fighting
  5317 | D:6      | Reached skill level 5 in Unarmed Combat
  5387 | D:6      | Found Jalukhe's General Store.
  5393 | D:6      | Bought a potion of lignification for 36 gold pieces
  5393 | D:6      | Bought a potion of might for 48 gold pieces
  5407 | D:6      | Found Fybinkel's Weapon Emporium.
  6230 | D:7      | Noticed Joseph
  6855 | D:7      | Found a burning altar of Makhleb.
  7544 | D:7      | Reached skill level 6 in Shapeshifting
  7544 | D:7      | Reached XP level 9. HP: 52/61 MP: 9/9
  8751 | D:5      | Killed Pikel
  8752 | D:5      | Reached skill level 7 in Shapeshifting
  8903 | D:8      | Found Udisukh's Assorted Antiques.
  8989 | D:7      | Found a bloodstained altar of Trog.
  9044 | D:7      | Killed Joseph
  9045 | D:7      | Reached skill level 8 in Shapeshifting
  9526 | D:5      | Killed Prince Ribbit
  9527 | D:5      | Reached skill level 9 in Shapeshifting
  9527 | D:5      | Reached XP level 10. HP: 66/66 MP: 10/10
  9668 | D:8      | Bought an onyx ring for 115 gold pieces
  9684 | D:6      | Bought a book of Changes for 252 gold pieces
  9687 | D:6      | Learned a level 2 spell: Wereblood
 10053 | D:8      | Reached skill level 1 in Spellcasting
 10053 | D:8      | Reached skill level 1 in Transmutations
 10590 | D:8      | Reached skill level 10 in Shapeshifting
 11763 | D:9      | Found a staircase to the Orcish Mines.
 12061 | D:10     | Entered Level 10 of the Dungeon
 12101 | D:8      | Bought a blackened bone wand for 92 gold pieces
 12286 | D:10     | Found a flagged portal.
 12291 | Bailey   | Entered a bailey
 12730 | Bailey   | Reached XP level 11. HP: 74/74 MP: 12/12
 12737 | Bailey   | Noticed an orc knight
 12798 | Bailey   | Killed an orc knight
 13912 | D:10     | Found a staircase to the Lair.
 14172 | D:10     | Learned a level 3 spell: Call Canine Familiar
 14313 | D:11     | Reached skill level 1 in Summonings
 14384 | D:11     | Noticed a cyclops
 14396 | D:11     | Killed a cyclops
 14471 | D:11     | Noticed a boulder beetle
 14492 | D:11     | Killed a boulder beetle
 15559 | Lair:1   | Entered Level 1 of the Lair of Beasts
 15594 | Lair:1   | yessssssssss
 15787 | Lair:1   | Reached skill level 5 in Summonings
 15839 | Lair:1   | Reached XP level 12. HP: 74/84 MP: 10/13
 15961 | Lair:1   | Noticed a catoblepas
 16236 | Lair:1   | Found a runed translucent gate.
 16334 | Lair:1   | Found a runed translucent gate.
 16336 | Lair:1   | Found a runed translucent gate.
 16384 | Lair:1   | Noticed zurenarrh's ghost (journeyman GnCA)
 16994 | D:5      | Killed Pim's ghost
 17199 | Lair:2   | Found the +5 Force Lance {heavy, knockback}
 17265 | Lair:2   | Found a frozen archway.
 17324 | IceCv    | Entered an ice cave
 17859 | Lair:2   | Learned a level 3 spell: Ozocubu's Armour
 17902 | Lair:2   | Found a staircase to the Snake Pit.
 18127 | Lair:2   | Noticed a five-headed hydra
 18172 | Lair:2   | Reached skill level 1 in Ice Magic
 18398 | Lair:2   | Killed a five-headed hydra
 18613 | Lair:2   | Noticed a death yak
 18613 | Lair:2   | Noticed a death yak
 18613 | Lair:2   | Noticed a death yak
 18613 | Lair:2   | Noticed a death yak
 18614 | Lair:2   | Noticed a death yak
 18622 | Lair:2   | Killed a death yak
 18704 | Lair:2   | Killed a death yak
 18822 | Lair:2   | Killed a death yak
 18879 | Lair:2   | Killed a death yak
 18880 | Lair:2   | Reached skill level 5 in Ice Magic
 19092 | Lair:2   | Killed a death yak
 19626 | Lair:3   | Noticed a six-headed hydra
 19636 | Lair:3   | Killed a six-headed hydra
 19637 | Lair:3   | Reached skill level 10 in Fighting
 19637 | Lair:3   | Reached skill level 10 in Unarmed Combat
 19771 | Lair:3   | Reached XP level 13. HP: 92/92 MP: 17/17
 19816 | Lair:3   | Reached skill level 11 in Shapeshifting
 19833 | Lair:3   | Found a staircase to the Shoals.
 20995 | Lair:4   | Reached skill level 12 in Shapeshifting
 22091 | Lair:5   | Entered Level 5 of the Lair of Beasts
 22261 | Lair:5   | Reached skill level 13 in Shapeshifting
 22396 | Lair:5   | Reached XP level 14. HP: 98/99 MP: 13/18
 23738 | Lair:5   | Found a staircase to the Slime Pits.
 23738 | Lair:5   | Found a viscous altar of Jiyva.
 24093 | D:12     | Noticed Josephine
 24257 | D:12     | Reached skill level 10 in Dodging
 24285 | D:12     | Noticed Frances
 24292 | D:12     | Killed Frances
 25011 | D:12     | Killed Josephine
 25924 | D:13     | Reached XP level 15. HP: 61/108 MP: 19/19
 26451 | D:13     | Found a white marble altar of Elyvilon.
 26537 | D:13     | Reached skill level 5 in Evocations
 27120 | D:14     | Found a gate to the Vaults.
 27664 | D:14     | Found Zin's Purification Station.
 27665 | D:14     | Found a glowing silver altar of Zin.
 27668 | D:14     | Noticed Lodul
 27821 | D:14     | Killed Lodul
 28907 | Orc:1    | Entered Level 1 of the Orcish Mines
 29107 | Orc:1    | sweet
 29180 | Orc:2    | Entered Level 2 of the Orcish Mines
 29262 | Orc:2    | Found a staircase to the Elven Halls.
 30407 | Orc:2    | Reached skill level 14 in Shapeshifting
 30991 | Orc:2    | Found Xudoel's Jewellery Boutique.
 30991 | Orc:2    | Found Ruel's Jewellery Boutique.
 30992 | Orc:2    | Found Aremiowa's Armour Shop.
 30992 | Orc:2    | Found Buarhat's Armour Boutique.
 31009 | Orc:2    | Bought a granite talisman for 900 gold pieces
 31528 | D:15     | Entered Level 15 of the Dungeon
 31706 | D:15     | Found a staircase to the Depths.
 31890 | D:15     | Reached skill level 15 in Shapeshifting
 31890 | D:15     | Reached XP level 16. HP: 54/114 MP: 20/20
 32061 | D:15     | Found a hazy altar of Hepliaklqana.
 32271 | D:15     | Found Mogebaur's Weapon Shoppe.
 32957 | Snake:1  | Entered Level 1 of the Snake Pit
 33273 | Snake:1  | Reached skill level 16 in Shapeshifting
 35028 | Snake:3  | Found Zeg Qurgh's Assorted Antiques.
 35078 | Snake:3  | Reached XP level 17. HP: 123/123 MP: 21/21
 35225 | Snake:3  | Bought 2 potions of heal wounds for 230 gold pieces
 35908 | Snake:3  | Identified the +4 trident "Octopus's Regret" {vamp, rElec
                  | Str+4}
 36089 | Snake:4  | Entered Level 4 of the Snake Pit
 36596 | Snake:4  | Reached skill level 15 in Fighting
 36596 | Snake:4  | Reached skill level 15 in Unarmed Combat
 36599 | Snake:4  | Reached skill level 1 in Shields
 36934 | Snake:4  | Found Dosib's Distillery.
 36942 | Snake:4  | Bought 2 potions of heal wounds for 140 gold pieces
 36942 | Snake:4  | Bought a potion of heal wounds for 70 gold pieces
 36942 | Snake:4  | Bought a potion of heal wounds for 70 gold pieces
 36942 | Snake:4  | Bought a potion of resistance for 140 gold pieces
 36942 | Snake:4  | Bought a potion of invisibility for 112 gold pieces
 36942 | Snake:4  | Bought a potion of cancellation for 112 gold pieces
 37490 | Snake:4  | Reached XP level 18. HP: 134/134 MP: 22/22
 37558 | Snake:4  | Got a serpentine rune of Zot
 37823 | Shoals:1 | Entered Level 1 of the Shoals
 38350 | Shoals:1 | Found Toubeg's Armour Shoppe.
 39268 | Vaults:3 | Identified the "Cosywa"
 39268 | Desolati | Identified the of Peoplut
 39268 | Desolati | Identified the "Hecraw"
 39268 | Desolati | Identified the "Noonyoda"
 39268 | Crypt:3  | Identified the "Pyshrezo"
 39268 | Crypt:3  | Identified the of Vico
 39268 | Depths:1 | Entered Level 1 of the Depths
 39629 | Snake:4  | Bought a scroll of fog for 72 gold pieces
 39631 | Snake:4  | Bought a scroll of blinking for 262 gold pieces
 39633 | Snake:4  | Bought a potion of haste for 180 gold pieces
 39633 | Snake:4  | Bought a potion of heal wounds for 90 gold pieces
 39635 | Snake:4  | Bought the ring of Fanaticism {rElec rPois rF+++ Str-3
                  | Dex+6} for 1077 gold pieces
 39802 | Shoals:2 | Identified the serpent talisman of Darkness {*Slow rCorr
                  | Str+3 Int+4}
 39802 | Shoals:2 | Noticed Aizul
 39815 | Shoals:2 | Killed Aizul
 39941 | Shoals:2 | Found Haleod's Armour Emporium.
 40262 | Snake:4  | Bought a +6 ring of strength for 648 gold pieces
 40262 | Snake:4  | Bought a +6 ring of strength for 648 gold pieces
 41005 | Shoals:3 | Noticed Nikola
 41017 | Shoals:3 | Killed Nikola
 41018 | Shoals:3 | Reached skill level 15 in Dodging
 41558 | Shoals:4 | Entered Level 4 of the Shoals
 41647 | Shoals:4 | Got a barnacled rune of Zot
 42014 | Shoals:4 | Reached XP level 19. HP: 133/141 MP: 23/23
 42078 | Shoals:4 | Identified the +9 hand axe "Gologaf" {flame, Will+}
 43100 | Elf:1    | Entered Level 1 of the Elven Halls
 43107 | Elf:1    | Paralysed by an air elemental for 1 turns
 43652 | Elf:1    | Found Teyk's Jewellery Shoppe.
 43908 | Elf:1    | Paralysed by an air elemental for 1 turns
 43968 | Elf:1    | Found a runed translucent door.
 43971 | Elf:1    | Noticed Ivarchef's ghost (journeyman GrEE)
 44035 | Elf:1    | Reached skill level 17 in Shapeshifting
 44247 | Elf:1    | Killed Ivarchef's ghost
 44317 | Elf:2    | Noticed Donald
 44330 | Elf:2    | Killed Donald
 44830 | Elf:2    | Found Zuodduok's Book Shop.
 44932 | Elf:2    | Found Faxomm's Antique Weapon Emporium.
 44997 | Elf:2    | Noticed Jorgrun
 45007 | Elf:2    | Killed Jorgrun
 45145 | Elf:2    | Found a runed translucent gate.
 45146 | Elf:2    | Found a runed translucent gate.
 45146 | Elf:2    | Found a runed translucent gate.
 45199 | Elf:1    | Bought a +5 ring of evasion for 540 gold pieces
 45243 | Elf:3    | Identified the of Qeishuv
 45243 | Elf:3    | Identified the "Hofaxt"
 45243 | Elf:3    | Identified the "Ystric"
 45243 | Elf:3    | Identified the of Bogux
 45243 | Elf:3    | Identified the of Mirr
 45243 | Elf:3    | Identified the of Yphax
 45243 | Elf:3    | Entered Level 3 of the Elven Halls
 45623 | Elf:3    | Reached XP level 20. HP: 151/151 MP: 24/24
 45853 | Elf:3    | fuck you elementalists
 46018 | Elf:3    | Identified the +7 war axe of Analysis {flame, rPois Str+4
                  | Dex+2}
 46022 | Elf:3    | Identified the staff of the Horn {rPois Will+ Poison}
 46027 | Elf:3    | Noticed a Tzitzimitl
 46082 | Elf:3    | Identified the +7 long sword of Camit {heavy, Str+4 Int+5}
 46171 | Elf:3    | this is why I hate doing elf:3 in statue
 46429 | Elf:3    | Identified the +1 robe "Essor" {Int+4}
 46568 | Elf:3    | Identified the +2 short sword "Wabrozocs" {vamp, *Noise
                  | Str+5}
 46611 | Elf:3    | Identified the +1 leather armour of the Three Demons {rC++
                  | Slay-4}
 46658 | Elf:3    | Identified the +1 rapier "Wewnis" {freeze, rPois rC+++ MP+9
                  | Int-4}
 46664 | Elf:3    | Found the +0 mask of the Dragon {Will+ Slay+3 SInv}
 46803 | Elf:3    | cool
 46843 | Elf:3    | Identified the staff "Napneak" {Int+2 Conj}
 47778 | Vaults:1 | Entered Level 1 of the Vaults
 47812 | Vaults:1 | Noticed Saint Roka
 47837 | Vaults:1 | Killed Saint Roka
 48110 | Vaults:1 | Reached skill level 18 in Shapeshifting
 48237 | Vaults:1 | Identified the +0 chain mail of Roseiwosm {rF++ rCorr
                  | Dex+3}
 49456 | Vaults:2 | Reached XP level 21. HP: 159/159 MP: 25/25
 50494 | Vaults:3 | Reached skill level 19 in Shapeshifting
 50820 | Vaults:3 | Found a staircase to the Crypt.
 50820 | Vaults:3 | Found an ancient bone altar of Kikubaaqudgha.
 50820 | Vaults:3 | Found a basalt altar of Yredelemnul.
 50927 | Vaults:3 | Found a runed translucent gate.
 50927 | Vaults:3 | Found a runed translucent gate.
 50927 | Vaults:3 | Found a runed translucent gate.
 50928 | Vaults:3 | Noticed Qijusi's ghost (adept HuFi)
 51763 | Vaults:3 | Identified the +2 pair of gloves of Palleefo {rN+ Dex+4
                  | Slay-3 Stlth+}
 51949 | Vaults:4 | Found a crumbling gateway.
 51955 | Desolati | Entered the Desolation of Salt
 51987 | Desolati | Reached XP level 22. HP: 169/169 MP: 26/26
 52148 | Desolati | Identified the ring "Nayceh" {rC+ Int+3 Dex+6}
 52205 | Desolati | Identified the ring of the Cricket {Fly Will+ Dex-2 Slay+3}
 52576 | Desolati | Identified the +4 glaive "Faezuif" {drain, Will+ rCorr
                  | Stlth+}
 52582 | Desolati | Identified the +7 sling of Malum Prohibitum {heavy, Str+5
                  | Dex+2}
 52583 | Desolati | Identified the ring of Oddy {+Blink Int+2 Dex+6 SInv}
 53089 | Vaults:4 | Reached skill level 20 in Shapeshifting
 53929 | Depths:1 | Identified the +0 helmet "Miowujy" {rF+ Will+ Dex-3 Slay+2}
 53931 | Depths:1 | Identified the ring of Contention {Str+4 Int+6}
 53966 | Depths:1 | Found a gateway to Hell.
 54368 | Depths:1 | Found a one-way gate leading to the halls of Pandemonium.
 54577 | Depths:2 | Reached XP level 23. HP: 176/176 MP: 27/27
 54627 | Depths:2 | Noticed the Enchantress
 54804 | Depths:2 | Killed the Enchantress
 55288 | Depths:2 | Found Giopus's Book Boutique.
 55699 | Depths:3 | Noticed a golden dragon
 55720 | Depths:3 | Noticed a golden dragon
 55727 | Depths:3 | Killed a golden dragon
 55749 | Depths:3 | Killed a golden dragon
 56141 | Depths:3 | Found Icoef's Blood Bar.
 56485 | Depths:3 | Reached skill level 10 in Evocations
 56724 | Depths:3 | Found a one-way gate to the infinite horrors of the Abyss.
 56818 | Depths:4 | Entered Level 4 of the Depths
 56825 | Depths:4 | Noticed a juggernaut
 56834 | Depths:4 | Killed a juggernaut
 56844 | Depths:4 | Noticed a juggernaut
 56852 | Depths:4 | Killed a juggernaut
 56924 | Depths:4 | Noticed a golden dragon
 56926 | Depths:4 | Reached XP level 24. HP: 183/183 MP: 27/27
 56929 | Depths:4 | Noticed a caustic shrike
 56930 | Depths:4 | Noticed a caustic shrike
 56931 | Depths:4 | Noticed a caustic shrike
 56931 | Depths:4 | Noticed a caustic shrike
 56938 | Depths:4 | Killed a caustic shrike
 56941 | Depths:4 | Killed a caustic shrike
 56947 | Depths:4 | Killed a caustic shrike
 56954 | Depths:4 | Killed a caustic shrike
 56957 | Depths:4 | Reached skill level 15 in Evocations
 57105 | Depths:4 | Found a gate to the Realm of Zot.
 57216 | Depths:4 | Found a corrupted altar of Lugonu.
 57486 | Depths:4 | Found a one-way gateway to a ziggurat.
 57573 | Depths:4 | Bought a potion of heal wounds for 75 gold pieces
 57573 | Depths:4 | Bought a potion of heal wounds for 75 gold pieces
 57573 | Depths:4 | Bought a potion of haste for 150 gold pieces
 57573 | Depths:4 | Bought a potion of heal wounds for 75 gold pieces
 57771 | Vaults:3 | Killed Qijusi's ghost
 57841 | Vaults:5 | Entered Level 5 of the Vaults
 57861 | Vaults:5 | Noticed an ancient lich
 57866 | Vaults:5 | Killed an ancient lich
 57884 | Vaults:5 | Identified the staff of Intimidation {rElec rC- Dex+2 SInv
                  | Air}
 57996 | Vaults:5 | Identified the staff "Giant's Curse" {rElec Str+3 Air}
 58024 | Vaults:5 | Reached skill level 21 in Shapeshifting
 58080 | Vaults:5 | Got a silver rune of Zot
 58432 | Vaults:5 | Identified the staff "Vyvaduwk" {Fly rPois Will+ Str+2
                  | Int-4 Poison}
 58436 | Vaults:5 | Reached XP level 25. HP: 189/189 MP: 27/27
 58466 | Vaults:5 | Reached skill level 22 in Shapeshifting
 59729 | Zot:1    | Entered Level 1 of the Realm of Zot
 60039 | Zot:1    | Identified the +8 orcbow of the Thieving Lamprey {heavy,
                  | Drain Will+ Str+6}
 60537 | Zot:1    | Reached skill level 5 in Shields
 60597 | Zot:1    | Noticed a dread lich
 60607 | Zot:1    | Killed a dread lich
 61086 | Zot:1    | Reached skill level 10 in Shields
 61273 | Zot:1    | Noticed Grunn
 61287 | Zot:1    | Killed Grunn
 61867 | Orc:2    | Bought an amulet of regeneration for 450 gold pieces
 63006 | Zot:3    | Reached XP level 26. HP: 196/196 MP: 27/27
 63189 | Zot:3    | Identified the +5 long sword of the Ancients {venom, Str+4}
 63304 | Zot:5    | Entered Level 5 of the Realm of Zot
 63448 | Zot:5    | Noticed a Killer Klown
 63459 | Zot:5    | Killed a Killer Klown
 63461 | Zot:5    | Noticed an orb of fire
 63462 | Zot:5    | Noticed an orb of fire
 63463 | Zot:5    | Noticed a dread lich
 63463 | Zot:5    | Noticed an ancient lich
 63463 | Zot:5    | Noticed a dread lich
 63468 | Zot:5    | Noticed a Killer Klown
 63468 | Zot:5    | Killed a dread lich
 63470 | Zot:5    | Noticed a Killer Klown
 63470 | Zot:5    | Noticed a Killer Klown
 63471 | Zot:5    | Reached skill level 15 in Shields
 63476 | Zot:5    | Killed a Killer Klown
 63479 | Zot:5    | Killed a Killer Klown
 63486 | Zot:5    | Killed a Killer Klown
 63495 | Zot:5    | Noticed an ancient lich
 63496 | Zot:5    | Noticed a dread lich
 63504 | Zot:5    | Killed an ancient lich
 63508 | Zot:5    | Killed a dread lich
 63509 | Zot:5    | Reached skill level 23 in Shapeshifting
 63512 | Zot:5    | Killed a Killer Klown
 63517 | Zot:5    | Noticed a Killer Klown
 63574 | Zot:5    | Got the Orb of Zot
 63594 | Zot:5    | Noticed Kopauby the pandemonium lord
 63762 | Depths:3 | Noticed Faivuuch the pandemonium lord
 63768 | Depths:3 | Killed Faivuuch the pandemonium lord
 63939 | D:10     | Noticed Xeegg the pandemonium lord
 63948 | D:10     | Killed Xeegg the pandemonium lord
 64102 | D:1      | gg
 64103 | D:$      | Escaped with the Orb!

Illustrated notes #..♣ ♣.... ... #..♣ ♣..######.. #.♣♣♣..#...⌠#.. #......#....'.. #......#.<..'.. ##......#....'.. #..#♣♣..#...⌠#.. ##.♣ ♣..######.. ##..♣ ♣.......... #####..#♣ ♣.......... #...S.P# ♣♣♣♣♣♣♣♣♣♣♣ #.....## #.....# ♣..~.~♣ ♣P~~~PP #~♣~≈~~♣# ##P~≈P~# ##~♣~## Turn 15594 on Lair:1: yessssssssss #####.# ###.....# ##.#.#.## ##....## #...#...### #.....### ###......#.## #.......### ###.........###.........# #.#.........##.########## .......#.....>.# ........#......# # ≈ ...###.##......## .#..≈ )..............'##.....# #....#.#.......'S'..%kD# #.....#........'##....§# ....))......##.## .#.§≈ .....)...####### # § .###.....# ## ##....# ##..## #### Turn 29107 on Orc:1: sweet .. .#........# # ... .#........#### ## ###..........# ##. ##......##.###.. ##............) #...####.###.. #### #.#.# #.# ##. ####... #.#.####.# ## #....⌠3 #.[......# # .)..53e########...##### ....5eee§$8..#.....## ## ...e.e1e§###........## ###. .....24e.....#.......###... .....2e#######.......'..... #....⌠. #.......###... ####... #....^.## #.#. #### #.....## #... ##...## #.#. ##'## #... #.# #### ##.## # Turn 45853 on Elf:3: fuck you elementalists #.# ######.## #.......# .........# .#.......## .#........# ##### .#........#### ##...## ###.......)..# ##.)...## ##......##.###..)....# ##........[|))).....# #...####.###8......# #.#.# #.# ##).)..## #.#.####.# ##)..## #.[......# ##.## ######...##### #.# $...#.....## ###.# ###........## ###.#.#### ....#.......###........# #####.......'........#.# #.......###........# #....^.## #.#......# Turn 46171 on Elf:3: this is why I hate doing elf:3 in statue ..⌠....#)..#....⌠....'..#. ....####)..####......#).#. .## #.)#..# ####..##.)#. ##..#..## #'##.[.## #.).#...# #...[.### ##.......## #..[|## #...###...# ###### # #...# #...# # #...# #...# #. ##'#####'## ## #..|[8.).)# #.=..)..).# ## ##.[..[..## #. ######### #. ## Turn 46803 on Elf:3: cool

###########
#######.........#
#.............#.#
#.#####+#####.#.#
#.#PPP#.#PPP#.#.#
#.#P⌠P#.#P⌠P#.#.#
#.#PPP#.#PPP#.#.###
##.#####.#####.....#
#..'|...8....'..##.# #
#..#####.#####...#.### #
#..#PPP#.#PPP#.#.#...####
#..#P⌠P#.#P⌠P#.#..##.....
#..#PPP#.#PPP#.##.######.
#..#####+#####.##..####..
#..............###..##..#
#.###.........#####..#.##
#........................
#####....)...#...........
#........##..........


Turn 64102 on D:1: gg

Levels and vault maps discovered:
D:1:      beargit_arrival_greenhouse, layout_rooms, dk_noncrumbling_4,
          supply_closet_lemuel, feat_on_display
D:2:      layout_rooms, serial_shops, shop
D:3:      minmay_diamond_boxcup, layout_rooms, nicolae_overflow_crystal_walls,
          marbit_many_paths
D:4:      layout_loops_cross, nicolae_dithmenos_through_a_glass_darkly,
          amcnicky_altar_gilded, overflow_temple_1_default
D:5:      layout_loops_ring, mainiacjoe_overflow_six_doors_small,
          minmay_temple_entry_statues_fountains, ebering_ghost_sewer_f,
          uniq_pikel, uniq_prince_ribbit1
D:6:      layout_loops_ring, serial_shops, nicolae_stop_n_shop_1,
          nicolae_shop_stone, kennysheep_little_box, nicolae_stop_n_shop_1,
          serial_co_window_serial, co_window_of_opportunity_a,
          co_window_of_opportunity_a, co_window_corner_a, co_window_corner_a,
          co_window_cross_1, co_window_paths_c, co_window_broadway_a,
          co_window_corner_cb, co_window_corner_b, co_window_unsneaky_path_e,
          co_window_paths_d, glass_columns_c, glass_columns_c, glass_columns_b
D:7:      layout_loops_ring, mainiacjoe_overflow_surrounded_room,
          lightli_temple_of_fire, uniq_joseph
D:8:      layout_gridville, nicolae_stop_n_shop_1, minmay_ruffians
D:9:      layout_gridville, orc_0_dummy
D:10:     layout_rooms, erik_lair_orcish_takeover, enter_bailey_3, minmay_puff
D:11:     layout_basic
D:12:     layout_long_grid, uniq_frances, uniq_josephine
D:13:     minmay_textured_paths, layout_basic, minmay_holes,
          nicolae_elyvilon_temple_path
D:14:     layout_cave_pods, skrybe_vaults_entry_preservation,
          serial_park_tiny_pond, zin_purify, uniq_lodul
D:15:     gammafunk_depths_entry_grave, layout_stronghold, serial_shops, shop,
          nicolae_hepliaklqana_hazy_memory
Lair:1:   layout_loops_ring, gammafunk_ghost_icy, bh_autumn_forest_stairs,
          grunt_megastairs_3, serial_bayou_shore_b
Lair:2:   layout_regular_city, guppyfry_snake_entry_island, serial_rivers,
          chequers_serial_rivers_room_a, chequers_serial_rivers_small_a,
          chequers_serial_rivers_micro_a, chequers_serial_rivers_small_3,
          chequers_serial_rivers_room_a, chequers_serial_rivers_micro_a,
          portal_ice_cave_entry_pillars_1, chequers_serial_rivers_small_b, pond
Lair:3:   layout_hall_layers, nicolae_shoals_entry_roost, lemuel_fruit_tree
Lair:4:   layout_layer_cave
Lair:5:   minmay_lair_end_frog_pond, layout_gridlike, minmay_slime_entry_eyes
Shoals:1: layout_shoals, serial_shops, nicolae_shop_hallway_stairs
Shoals:2: layout_shoals, serial_shops, shop, uniq_aizul
Shoals:3: layout_shoals, uniq_nikola
Shoals:4: shoals_end_simple, layout_shoals, nicolae_shoals_bring_sunscreen
Snake:1:  layout_gridlike, serial_bayou_shore_a
Snake:2:  layout_onion_interference, drop_trap, hangedman_snake_corridor_cut
Snake:3:  layout_basic, serial_corexii_hall, chequers_hall_statues_y,
          corexii_hall_statues_t, serial_shops, nicolae_square_shop
Snake:4:  snake_pit_salamanders_mu, layout_cave_town, serial_shops, shop
Orc:1:    layout_diamond_mine, basic_altar, hellmonk_talismancer
Orc:2:    st_orc_pillars, layout_caves, mines3_lemuel
Elf:1:    minmay_elf_arrival_circle, layout_geoelf_grid, serial_shops,
          nicolae_shop_just_a_little_nook, hellmonk_ghost_happy_afterlife,
          hangedman_elf_disciples
Elf:2:    nicolae_elf_blades_crystal_corner, layout_onion_city, serial_shops,
          shop, solitary_fountain, minmay_shop_star, uniq_jorgrun, uniq_donald
Elf:3:    grunt_elf_hall_branching, layout_loops_corners,
          nicolae_elf_elemental_lessons, grunt_megastairs_5
Vaults:1: hangedman_vaults_pinch, vaults_mumra_minichess,
          nicolae_vaults_yaktaur_gun_rack, vaults_room_semicircle,
          grunt_vaults_hallway_long, nicolae_vaults_offset_grid_hallway_2,
          nicolae_vaults_tetromino_T_1, layout_vaults_omnigrid, uniq_saint_roka
Vaults:2: nicolae_vaults_rhombus_6, nicolae_vaults_shipping_containers_1,
          nicolae_vaults_cornered_office, nicolae_vaults_trapezoid_lopsided_3,
          nicolae_vaults_closet_pinwheel_3, nicolae_vaults_storage_closets_1,
          v_misc_23, nicolae_vaults_surprise_closet,
          nicolae_vaults_ninety_degrees, nicolae_vaults_ring_of_whatevers,
          nicolae_vaults_closet_pinwheel_5, nicolae_vaults_circle_grid_b,
          layout_vaults_big_room
Vaults:3: gammafunk_ghost_spectres, vaults_dpeg_ring, ontoclasm_vaults_spin,
          v_misc_12, v_misc_8, minmay_crypt_entry_necro_gods, st_squares,
          v_misc_28, nicolae_vaults_double_plus_3, v_misc_28,
          grunt_vaults_hallway_long, ontoclasm_vaults_decontamination,
          nicolae_vaults_variable_pillar_hall, hangedman_vaults_cutoff,
          ontoclasm_vaults_pinch, nicolae_vaults_network_s,
          grunt_vaults_hallway_short, vaults_room_pools,
          nicolae_vaults_asterisk, layout_vaults_ring
Vaults:4: portal_desolation_entry_ruin, nicolae_vaults_cochlea,
          grunt_vaults_focal, nicolae_vaults_door_testing_chamber, v_misc_23,
          nicolae_vaults_tetromino_Z_1, v_misc_33, nicolae_vaults_specimen_jars,
          v_alt_pattern_6, ontoclasm_vaults_tryst,
          nicolae_vaults_windows_and_doors_thing, vaults_dpeg_hooks,
          nicolae_vaults_little_squares_3, v_misc_23,
          nicolae_vaults_sightless_eye, layout_vaults_maze_bifur
Vaults:5
Depths:1: layout_gridville, hell_entry, hangedman_decor_diamond_cutter,
          rand_demon_pan_entry_7, kennysheep_generic_room_6
Depths:2: nicolae_moon_pools, layout_gridlike, rand_demon_pan_entry_4,
          hell_entry, serial_shops, shop, minmay_staircase_statues,
          uniq_enchantress
Depths:3: nicolae_legendary_halls, layout_gridville, hell_entry, abyss_entry,
          minmay_misc_feat_hallway, guppyfry_shop_blood,
          infiniplex_staircase_pool_2
Depths:4: evilmike_zot_entry_basic, layout_cave_pools, enter_ziggurat_e,
          pf_coc_iceberg, abyss_entry_flame_altar
Zot:1:    hangedman_zot_vaults_quadrants, layout_concentric_octagons,
          amethyst_zot_foddershock, uniq_grunn
Zot:2:    grunt_deathspiral_small, layout_cathedral_of_symmetry,
          gammafunk_ghost_grave
Zot:3:    layout_concentric_octagons, hangedman_swamp_dais
Zot:4:    layout_gridville
Zot:5:    layout_twisted_circle

Skill      XL: |  1  2  3  4  5  6  7  8  9 10 11 12 13 14 15 16 17 18 19 20 21 22 23 24 25 26 |
---------------+-------------------------------------------------------------------------------+-----
Stealth        | 1 2 |  2.0
Fighting       | 2 4 5 6 8 10 12 13 15 17 18 19 20 | 20.0
Evocations     | 2 3 7 8 13 17 | 17.0
Dodging        | 3 5 6 7 9 12 15 17 20 | 20.0
Shapeshifting  | 5 6 9 10 13 15 16 17 18 19 20 21 22 23 | 23.7
Unarmed Combat | 4 6 8 10 12 13 15 16 18 19 20 | 20.0
Spellcasting   | 1 3 |  3.0
Transmutations | 2 |  2.0
Summonings     | 5 |  5.0
Ice Magic      | 6 8 |  8.0
Shields        | 4 12 15 | 15.0

Action                     |  1- 3 |  4- 6 |  7- 9 | 10-12 | 13-15 | 16-18 | 19-21 | 22-24 | 25-27 || total
---------------------------+-------+-------+-------+-------+-------+-------+-------+-------+-------++-------
  Melee: Unarmed           |    25 |     6 |   105 |   593 |  1063 |  1020 |   812 |   933 |   503 ||  5060
         Constrict         |    15 |    19 |    42 |   127 |   229 |   141 |   157 |   150 |   106 ||   986
         Dagger            |    50 |    82 |    98 |       |       |       |       |       |       ||   230
         Tentacles         |     7 |    14 |    60 |    64 |    17 |   298 |   240 |   298 |   198 ||  1196
         Punch             |       |     4 |     9 |     3 |    18 |   120 |   105 |   182 |   121 ||   562
  Throw: Dart              |       |       |     2 |     7 |       |       |       |       |       ||     9
         Throwing net      |       |       |     1 |       |       |       |       |       |       ||     1
   Cast: Call Canine Famil |       |       |       |    14 |    15 |     2 |       |       |       ||    31
         Ozocubu's Armour  |       |       |       |     4 |    71 |     9 |     1 |     1 |       ||    86
         Wereblood         |       |       |       |       |    19 |     2 |     5 |     2 |       ||    28
 Invoke: Potion Petition   |       |       |     1 |     1 |       |       |     1 |       |       ||     3
         Call Merchant     |       |       |       |       |       |     5 |       |     2 |       ||     7
         Bribe Branch      |       |       |       |       |       |       |       |       |     3 ||     3
  Evoke: Wand              |       |     2 |    11 |    16 |     2 |     1 |     2 |     1 |     6 ||    41
         Phantom mirror    |       |       |       |       |     1 |       |       |       |       ||     1
    Use: Potion            |     1 |     1 |     2 |     5 |     1 |       |     5 |     4 |     1 ||    20
         Scroll            |       |     3 |     7 |    11 |     2 |     6 |     7 |     4 |    12 ||    52
   Stab: Sleeping          |    13 |     9 |     4 |     1 |     8 |    22 |    20 |    12 |     3 ||    92
         Distracted        |       |     1 |     1 |     6 |     6 |    10 |    18 |    29 |    15 ||    86
         Invisible         |       |       |       |     1 |       |       |       |     2 |       ||     3
         Paralysed         |       |       |       |       |    10 |       |       |       |       ||    10
         Confused          |       |       |       |       |       |       |       |       |     2 ||     2
 Armour: Skin              |    26 |    30 |    77 |   237 |   482 |   663 |   305 |   213 |   159 ||  2192
  Dodge: Dodged            |    37 |    42 |    83 |   365 |   726 |  1190 |   719 |   975 |   675 ||  4812
  Block: Other             |       |       |    14 |    99 |   209 |    11 |       |       |       ||   333
         Reflection        |       |       |     2 |     3 |     9 |    61 |    67 |    22 |     9 ||   173
         Buckler           |       |       |       |       |       |   719 |   479 |   645 |   208 ||  2051
         Kite shield       |       |       |       |       |       |       |       |       |   366 ||   366
   Form: Flux              |       |       |       |     5 |       |       |       |       |       ||     5
         Beast             |       |       |       |     2 |       |       |       |       |       ||     2
         Anaconda          |       |       |       |     4 |       |       |       |       |       ||     4
         Maw               |       |       |       |     1 |       |       |       |       |       ||     1
         Statue            |       |       |       |       |     1 |       |     1 |       |     1 ||     3
         Dragon            |       |       |       |       |       |       |     1 |       |     1 ||     2

Table legend: (Time is in decaauts)
 A = Elapsed time spent in this place.
 B = Non-inter-level travel time spent in this place.
 C = Inter-level travel time spent in this place.
 D = Time resting spent in this place.
 E = Time spent auto-exploring this place.
 F = Levels seen in this place.
 G = Mean time per level.
                   A        B        C        D        E       F      G
               +--------+--------+--------+--------+--------+-----+--------+
         Total |  79007 |  69060 |   9947 |  14385 |  35056 |  50 | 1580.1 |
       Dungeon |  24420 |  20101 |   4319 |   5407 |   9411 |  15 | 1628.0 |
          Lair |   8962 |   7698 |   1264 |   2153 |   3392 |   5 | 1792.4 |
        Shoals |   5561 |   5100 |    461 |    346 |   3328 |   4 | 1390.2 |
     Snake Pit |   7407 |   6750 |    657 |   1080 |   3270 |   4 | 1851.8 |
  Orcish Mines |   3597 |   2816 |    781 |    898 |   1079 |   2 | 1798.5 |
   Elven Halls |   6568 |   5826 |    742 |   1478 |   2929 |   3 | 2189.3 |
        Vaults |  10036 |   9369 |    667 |    555 |   6433 |   5 | 2007.2 |
        Depths |   6259 |   5538 |    721 |    807 |   3388 |   4 | 1564.8 |
           Zot |   3569 |   3236 |    333 |    737 |   1073 |   5 |  713.8 |
        Bailey |   1097 |   1097 |      0 |    652 |    152 |   1 | 1097.0 |
      Ice Cave |    400 |    400 |      0 |    262 |      0 |   1 |  400.0 |
    Desolation |   1125 |   1125 |      0 |      7 |    598 |   1 | 1125.0 |
               +--------+--------+--------+--------+--------+-----+--------+

Top non-repeatable levels by time:
   Elf:3: 3462 daAuts
   Orc:2: 2784 daAuts
    D:15: 2640 daAuts
Vaults:3: 2450 daAuts
    D:14: 2389 daAuts
 Snake:4: 2384 daAuts
  Lair:2: 2304 daAuts
Vaults:5: 2263 daAuts
   Zot:1: 2114 daAuts
Depths:3: 2059 daAuts
     D:7: 2021 daAuts
Vaults:2: 1973 daAuts
  Lair:3: 1867 daAuts
Vaults:1: 1818 daAuts
 Snake:1: 1799 daAuts
